 Dungeon Crawl Stone Soup version 0.32-a0-921-g04a7ad8e02 (webtiles) character file.

Game seed: 9435310081709686819

10787 Autsider the Fighter (level 11, -3/95 HPs)
             Began as a Formicid Fighter on Apr 11, 2024.
             Was a Priest of Qazlal.
             Slain by a manticore (5 damage)
             ... on level 9 of the Dungeon.
             The game lasted 00:26:19 (7856 turns).

Autsider the Fighter (Formicid Fighter)             Turns: 7856, Time: 00:26:19

Health: -3/95      AC: 12    Str: 24    XL:     11   Next: 99%
Magic:  13/17      EV:  8    Int:  9    God:    Qazlal [***...]
Gold:   500        SH: 14    Dex: 13    Spells: 10/10 levels left

rFire   . . .        D - +1 battleaxe
rCold   . . .        M - +0 kite shield
rNeg    . . .        b - +0 scale mail
rPois   .            (helmet unavailable)
rElec   .            q - +1 cloak
rCorr   .            y - +0 pair of gloves
SInv    +            a - +0 pair of boots
Will    +....        o - amulet of regeneration Stlth
                     (no ring)
HPRegen 1.15/turn    (no ring)
MPRegen 0.15/turn

%: no passive effects
@: mighty
A: permanent stasis, dig shafts and tunnels, antennae 3, four strong arms
a: Dig, Shaft Self, Renounce Religion, Upheaval, Elemental Force


You were on level 9 of the Dungeon.
You worshipped Qazlal.
Qazlal was most pleased with you.
You visited 1 branch of the dungeon, and saw 9 of its levels.
You also visited: Sewer.

You collected 630 gold pieces.
You spent 130 gold pieces at shops.

Inventory:

Hand Weapons
 l - the +3 hand axe "Siedoudgh" {antimagic, rN+ rCorr}
   (You found it on level 9 of the Dungeon)

   rN+:       It protects you from negative energy.
   rCorr:     It protects you from acid and corrosion.
 D - a +1 battleaxe (weapon)
 L - the +4 consecrated labrys {holy, Valiant ^Fragile Fly SInv}
   (You found it on level 7 of the Dungeon)

   Valiant:   It becomes more powerful as more dangerous foes come into view.
   SInv:      It lets you see invisible.
   Fly:       It grants you flight.
   ^Fragile:  It will be destroyed if unequipped.
Missiles
 f - 7 javelins
 i - 2 throwing nets
 t - 10 curare-tipped darts
 u - 18 poisoned darts
 G - 6 atropa-tipped darts
Armour
 a - a +0 pair of boots (worn)
 b - a +0 scale mail (worn)
 c - a +1 buckler of protection
 q - a +1 cloak (worn)
 y - a +0 pair of gloves (worn)
 M - a +0 kite shield (worn)
Jewellery
 k - a ring of positive energy
 o - an amulet of regeneration (around neck)
 H - a ring of fire
 I - a ring of magical power
 J - a ring of willpower
 N - a ring of willpower
Wands
 j - a wand of quicksilver (4)
 s - a wand of charming (9)
 B - a wand of mindburst (4)
 C - a wand of polymorph (6)
 E - a wand of flame (6)
Scrolls
 g - 4 scrolls of fear
 h - 3 scrolls of vulnerability
 n - a scroll of immolation
 r - a scroll of fog
 A - 2 scrolls of amnesia
Potions
 d - a potion of might
 e - a potion of magic
 m - 3 potions of curing {@q1}
 p - 2 potions of mutation
 v - a potion of heal wounds {@q2}
 w - a potion of cancellation
 x - a potion of invisibility {unknown}
 z - a potion of berserk rage {unknown}
 F - a potion of ambrosia {unknown}
 K - a potion of enlightenment {unknown}
 P - a potion of lignification {unknown}


   Skills:
 + Level 11.8 Fighting
 + Level 10.6 Axes
 - Level 5.0 Armour
 - Level 8.0 Shields
 + Level 8.7 Invocations
 - Level 5.0 Evocations


You had 10 spell levels left.
You didn't know any spells.
Your spell library contained the following spells:

 Spells                   Type           Power      Damage    Failure   Level
 Apportation              Tloc           0%         N/A       87%         1
 Foxfire                  Conj/Fire      0%         2x1d4     87%         1
 Necrotise                Necr           0%         1d4       87%         1
 Jinxbite                 Hex            0%         N/A       95%         2
 Lesser Beckoning         Tloc           0%         N/A       95%         2
 Teleport Other           Tloc           0%         N/A       99%         3
 Vampiric Draining        Necr           0%         2d6       99%         3
 Animate Armour           Summ/Erth      0%         N/A       100%        4
 Martyr's Knell           Necr/Summ      0%         N/A       100%        4
 Summon Lightning Spire   Summ/Air       0%         N/A       100%        4
 Alistair's Intoxication  Alch           0%         N/A       100%        5
 Curse of Agony           Necr           0%         N/A       100%        5
 Lee's Rapid Deconstruct  Erth           0%         3d4*      100%        5
 Summon Forest            Summ/Tloc      0%         N/A       100%        5
 Summon Mana Viper        Hex/Summ       0%         N/A       100%        5
 Plasma Beam              Fire/Air       0%         2x1d10    100%        6
 Starburst                Conj/Fire      0%         6d3       100%        6
 Summon Cactus Giant      Summ           0%         N/A       100%        6
 Maxwell's Portable Pile  Tloc           Unusable   2d(5-13)  N/A         3

Dungeon Overview and Level Annotations

Branches:
Dungeon (9/15)             Temple (0/1) D:4           Sewer (visited)
   Lair: D:8-11         Orc: D:9-12

Altars:
Cheibriados
Dithmenos
Elyvilon
Gozag
Kikubaaqudgha
Makhleb
Qazlal
Ru
Sif Muna
Yredelemnul

Shops:
D:3 !   D:5 *

Annotations:
D:6 exclusion: 2 downstairs
D:7 exclusion: downstairs


Innate Abilities, Weirdness & Mutations

You cannot be hasted, slowed, berserked, paralysed or teleported.
You can dig through walls and to a lower floor.
You have a pair of large antennae on your head. (SInv)
Your four strong arms can wield two-handed weapons with a shield.


Message History

The manticore is moderately wounded.
You hit the boulder beetle but do no damage.
The boulder beetle is lightly wounded.
You hit the boulder beetle but do no damage.
The boulder beetle is lightly wounded.
You block the boulder beetle's attack. The boulder beetle bites you!
* * * LOW HITPOINT WARNING * * *
You slice the boulder beetle!!
The boulder beetle is moderately wounded.
The boulder beetle leaps!
You barely miss the manticore.
The manticore is lightly wounded.
The manticore bites you!
* * * LOW HITPOINT WARNING * * *
You block the manticore's attack. The manticore barely misses you.
You slash the manticore!
The manticore is heavily wounded.
The manticore bites you but does no damage.
The manticore claws you!
* * * LOW HITPOINT WARNING * * *
The manticore claws you but does no damage.
You feel very mighty all of a sudden. The manticore bites you!
* * * LOW HITPOINT WARNING * * *
You block the manticore's attack. x2
You barely miss the manticore.
The manticore is moderately wounded.
The boulder beetle curls into a ball and begins rolling!
The manticore barely misses you. The manticore claws you.
* * * LOW HITPOINT WARNING * * *
You block the manticore's attack. The manticore bites you!
* * * LOW HITPOINT WARNING * * *
You block the manticore's attack. x2
You slash the manticore!
The manticore is severely wounded.
The boulder beetle stops rolling and uncurls.
The manticore bites you!!
* * * LOW HITPOINT WARNING * * *
The manticore claws you.
You die...

..............##..####.#
#.# ####....>.....##..#
#.# #.# #..).......##..#
#.# #.#
########.#######..####.#
#.# .........# #.......#
#.#
#################.###..#
#.#
............).....<....#
#.#
###.##################.#
#.# ....#
.....BH@....#.# #.#
....# .....°#.....#.#
#.# ....##
####.,#..#..#.#####.#
.....# { #
#..#..#.#.....# .....#
#..#..# #.##### .....##
{ #..#..#.#)# #.....#
#..#..#.#.# #.....##
#..#..#.#.# #......###
#..#..#.#.#


You could see a boulder beetle and a manticore.

Vanquished Creatures
  Erica (D:9)
  A tengu warrior (D:9)
  A skeletal warrior (D:9)
  Jeremiah (D:6)
  5 hornets (D:9)
  A shadow (D:9)
  3 wyverns (D:9)
  Eustachio (D:4)
  9 yaks
  5 steam dragons
  The ghost of Autsider the Insei, an amateur OpSh (D:4)
  2 acid dragons (D:9)
  An acid dragon (shapeshifter) (D:9)
  A water moccasin (D:9)
  4 ice beasts
  An ogre (D:5)
  6 orc warriors
  7 centaurs
  A phantom (D:6)
  5 kobold brigands
  3 gnoll sergeants (D:8)
  3 bullfrogs
  3 scorpions
  8 wights
  10 killer bees
  A bombardier beetle (D:3)
  A centaur zombie (D:4)
  2 quasits (Sewer)
  2 gnoll boudas (D:8)
  2 jellies (D:5)
  3 orc priests
  7 hounds
  An iguana (D:5)
  A sleepcap (D:6)
  Natasha (D:4)
  9 orc wizards
  2 hound skeletons (D:4)
  6 adders
  A howler monkey skeleton (D:4)
  13 gnolls
  3 shadow imps
  4 ufetubi (Sewer)
  An adder skeleton (D:4)
  A dart slug (D:5)
  A ribbon worm (D:3)
  An adder simulacrum (D:4)
  29 orcs
  6 ball pythons
  6 endoplasms
  5 giant cockroaches
  4 goblins
  5 hobgoblins
  7 jackals
  36 kobolds
  3 bats
  4 frilled lizards
  7 rats
259 creatures vanquished.

Vanquished Creatures (others)
  A jackal (D:8)
1 creature vanquished.

Grand Total: 260 creatures vanquished

Notes
Turn   | Place    | Note
-------+----------+-------------------------------------------
     0 | D:1      | Autsider the Formicid Fighter began the quest for the Orb.
     0 | D:1      | Reached XP level 1. HP: 18/18 MP: 1/1
    87 | D:1      | Reached XP level 2. HP: 21/24 MP: 2/2
   366 | D:1      | Reached XP level 3. HP: 28/30 MP: 3/3
   417 | D:1      | Found a faded altar of an unknown god.
   657 | D:2      | Reached skill level 4 in Fighting
  1314 | D:3      | Found a stormy altar of Qazlal.
  1367 | D:3      | Reached skill level 1 in Evocations
  1367 | D:3      | Reached XP level 4. HP: 17/38 MP: 4/4
  1517 | D:3      | Became a worshipper of Qazlal Stormbringer
  1557 | D:3      | Found a shimmering blue altar of Sif Muna.
  1575 | D:3      | Reached XP level 5. HP: 42/43 MP: 5/5
  1585 | D:3      | Found Vent's Book Shoppe.
  1749 | D:3      | Found an ancient bone altar of Kikubaaqudgha.
  1925 | D:3      | Noticed a kobold brigand
  1930 | D:3      | Noticed a kobold brigand
  1949 | D:3      | Killed a kobold brigand
  1950 | D:3      | Reached skill level 5 in Fighting
  1950 | D:3      | Reached XP level 6. HP: 38/51 MP: 6/6
  2034 | D:3      | Found Yhoho's Distillery.
  2041 | D:3      | Bought 2 potions of heal wounds for 130 gold pieces
  2382 | D:4      | Noticed Natasha
  2411 | D:4      | Killed Natasha
  2433 | D:4      | Reached * piety under Qazlal
  2449 | D:4      | Reached XP level 7. HP: 45/56 MP: 7/7
  2463 | D:4      | Identified the +1 dagger of the Shrike {pain, rPois}
  2489 | D:4      | Found a large runed translucent door.
  2490 | D:4      | Found a large runed translucent door.
  2493 | D:4      | Noticed Autsider's ghost (amateur OpSh)
  2568 | D:4      | Noticed Eustachio
  2633 | D:4      | Killed Eustachio
  2634 | D:4      | Reached skill level 6 in Fighting
  2804 | D:4      | Reached skill level 5 in Axes
  2808 | D:4      | Found a glowing drain.
  2817 | Sewer    | Entered a sewer
  2935 | Sewer    | Found a burning altar of Makhleb.
  3033 | Sewer    | Reached ** piety under Qazlal
  3034 | Sewer    | Reached XP level 8. HP: 65/65 MP: 8/8
  3395 | D:4      | Found a staircase to the Ecumenical Temple.
  3527 | D:4      | Killed Autsider's ghost
  3528 | D:4      | Reached skill level 5 in Evocations
  3553 | D:5      | Entered Level 5 of the Dungeon
  3553 | D:5      | Found Dufaok's Assorted Antiques.
  3777 | D:5      | Reached skill level 7 in Fighting
  4080 | D:6      | Noticed Jeremiah
  4110 | D:6      | Killed Jeremiah
  4188 | D:6      | Reached XP level 9. HP: 74/74 MP: 9/9
  4238 | D:5      | Reached skill level 8 in Fighting
  4370 | D:6      | Found a white marble altar of Elyvilon.
  4674 | D:5      | Reached skill level 1 in Invocations
  4721 | D:5      | Reached skill level 9 in Fighting
  4723 | D:5      | Reached *** piety under Qazlal
  4773 | D:5      | Found a shadowy altar of Dithmenos.
  5072 | D:6      | Found a snail-covered altar of Cheibriados.
  5569 | D:7      | Reached XP level 10. HP: 83/83 MP: 12/12
  5636 | D:6      | Reached skill level 5 in Armour
  5767 | D:7      | Found a sacrificial altar of Ru.
  5852 | D:7      | Found the +4 consecrated labrys {holy, Valiant ^Fragile Fly
                  | SInv}
  6189 | D:8      | Found an opulent altar of Gozag.
  6392 | D:8      | Reached **** piety under Qazlal
  6393 | D:8      | Reached skill level 10 in Fighting
  6397 | D:8      | Reached skill level 5 in Invocations
  6440 | D:8      | Found a basalt altar of Yredelemnul.
  6757 | D:8      | Found a burning altar of Makhleb.
  6757 | D:8      | Noticed a green death
  6760 | D:8      | Noticed an orange demon
  6898 | D:9      | Reached skill level 5 in Shields
  7115 | D:9      | Reached XP level 11. HP: 77/92 MP: 15/15
  7264 | D:9      | Reached skill level 11 in Fighting
  7264 | D:9      | Noticed a tengu warrior
  7273 | D:9      | Reached skill level 10 in Axes
  7281 | D:9      | Killed a tengu warrior
  7459 | D:9      | Identified the +3 hand axe "Siedoudgh" {antimagic, rN+
                  | rCorr}
  7468 | D:9      | Noticed Erica
  7474 | D:9      | HP: 3/93 [Erica/+4 scimitar of flaming (12)]
  7476 | D:9      | Killed Erica
  7608 | D:9      | Noticed a skeletal warrior
  7626 | D:9      | Killed a skeletal warrior
  7839 | D:9      | Noticed a manticore
  7845 | D:9      | Noticed a boulder beetle
  7856 | D:9      | HP: 2/95 [manticore (18)]
  7856 | D:9      | Slain by a manticore

Illustrated notes

Levels and vault maps discovered:
D:1:      sevenhm_arrival_forest_fort_small_3, layout_rooms,
          hellmonk_ecumenical_altar_pennies_from_heaven
D:2:      layout_basic
D:3:      cheibrodos_thug_alley, layout_loops_ring,
          mainiacjoe_overflow_brackets, amcnicky_altar_gilded,
          nicolae_sif_muna_condensation, serial_shops,
          nicolae_shop_pleasant_corner_grove, shop, grunt_decor_junction
D:4:      layout_loops_corners, minmay_temple_entry_poolview,
          ebering_ghost_disaster_area, cheibrodos_sewer_entry_drain,
          serial_glass, glass_columns_a, glass_columns_a,
          dilly_guarded_unrand_morg, uniq_eustachio
D:5:      lemuel_ice_spiral_2, layout_basic, mainiacjoe_overflow_cross_hatched,
          serial_shops, nicolae_shop_tiny_waterfront
D:6:      layout_gridville, elyvilon_altar_1, kennysheep_mini_moat,
          uniq_jeremiah
D:7:      layout_rooms, nicolae_ru_path_of_blood, chequers_serial_rivers_room_b,
          serial_library_hellmonk_room_b
D:8:      layout_cave_pools, yredelemnul_altar_generic,
          makhleb_altar_promises_db, mainiacjoe_overflow_small_starburst,
          serial_gnoll_camp, gnoll_camp_mini_sergeant,
          gnoll_camp_mini_loothouse, gnoll_camp_mini_hut, gnoll_camp_huts_moat,
          gnoll_camp_mini_hut
D:9:      minmay_quarter_circles, layout_basic, serial_shops,
          nicolae_shop_tiny_real_fake_doors, uniq_erica

Skill      XL: |  1  2  3  4  5  6  7  8  9 10 11 |
---------------+----------------------------------+-----
Fighting       | 4 5 6 7 9 10 11 | 11.8
Axes           | 3 4 5 6 8 9 10 | 10.6
Evocations     | 1 2 3 4 5 |  5.0
Invocations    | 3 6 8 |  8.7
Armour         | 4 5 |  5.0
Shields        | 6 8 |  8.0

Action                     |  1- 3 |  4- 6 |  7- 9 | 10-12 || total
---------------------------+-------+-------+-------+-------++-------
  Melee: War axe           |   105 |   143 |   230 |       ||   478
         Battleaxe         |       |       |    82 |   314 ||   396
 Invoke: Upheaval          |       |       |       |    10 ||    10
Ability: Dig               |       |       |     2 |       ||     2
  Evoke: Wand              |       |       |       |     4 ||     4
    Use: Scroll            |       |     6 |       |     8 ||    14
         Potion            |       |       |       |     4 ||     4
 Armour: Scale mail        |    87 |   133 |   285 |   279 ||   784
  Dodge: Dodged            |    57 |    59 |   154 |   126 ||   396
         Repelled          |       |       |       |    11 ||    11
  Block: Buckler           |    33 |    27 |   136 |    39 ||   235
         Kite shield       |       |       |       |   287 ||   287

Table legend: (Time is in decaauts)
 A = Elapsed time spent in this place.
 B = Non-inter-level travel time spent in this place.
 C = Inter-level travel time spent in this place.
 D = Time resting spent in this place.
 E = Time spent auto-exploring this place.
 F = Levels seen in this place.
 G = Mean time per level.
                   A        B        C        D        E       F      G
               +--------+--------+--------+--------+--------+-----+--------+
         Total |   8167 |   7641 |    526 |    648 |   4365 |  10 |  816.7 |
       Dungeon |   7852 |   7326 |    526 |    648 |   4241 |   9 |  872.4 |
         Sewer |    315 |    315 |      0 |      0 |    124 |   1 |  315.0 |
               +--------+--------+--------+--------+--------+-----+--------+

Top non-repeatable levels by time:
     D:4: 1194 daAuts
     D:6: 1158 daAuts
     D:3: 1025 daAuts
     D:9: 979 daAuts
     D:5: 849 daAuts
     D:8: 782 daAuts
     D:2: 735 daAuts
     D:7: 568 daAuts
     D:1: 558 daAuts
   Sewer: 315 daAuts
